 Dungeon Crawl Stone Soup version 0.31-a0-795-g5eb97db20b (webtiles) character file.

Game seed: 2983652704040352475

52 ryw the Slasher (level 4, -1/35 HPs)
             Began as a Human Fighter on Sept 18, 2023.
             Succumbed to a goblin's poison
             ... on level 2 of the Dungeon.
             The game lasted 00:01:42 (888 turns).

ryw the Slasher (Human Fighter)                      Turns: 888, Time: 00:01:43

Health: -1/35      AC:  6    Str: 18    XL:     4   Next: 8%
Magic:  4/4        EV:  9    Int:  9    God:
Gold:   32         SH:  4    Dex: 12    Spells: 3/3 levels left

rFire   . . .        a - +0 long sword
rCold   . . .        c - +0 buckler
rNeg    . . .        b - +0 scale mail
rPois   .            (no helmet)
rElec   .            (no cloak)
rCorr   .            (no gloves)
SInv    .            (no boots)
Will    .....        (no amulet) Stlth
                     (no ring)
HPRegen 0.25/turn    (no ring)
MPRegen 0.09/turn

%: no passive effects
@: lethally poisoned (-1 -> -12)
A: no striking features
a: no special abilities


You were on level 2 of the Dungeon.
You visited 1 branch of the dungeon, and saw 2 of its levels.

You collected 32 gold pieces.

Inventory:

Hand Weapons
 a - a +0 long sword (weapon)
Missiles
 e - 6 poisoned darts (quivered)
 i - 4 curare-tipped darts
Armour
 b - a +0 scale mail (worn)
 c - a +0 buckler (worn)
Scrolls
 f - 2 scrolls of identify {unknown}
 g - a scroll of noise {unknown}
 h - a scroll of fog {unknown}


   Skills:
 - Level 3.0 Fighting
 + Level 4.0 Long Blades
 - Level 3.0 Armour
 - Level 3.0 Shields


You had 3 spell levels left.
You didn't know any spells.
Your spell library contained the following spells:

 Spells                   Type           Power      Damage    Failure   Level
 Summon Small Mammal      Summ           0%         N/A       85%         1
 Call Canine Familiar     Summ           0%         N/A       99%         3
 Summon Guardian Golem    Hex/Summ       0%         N/A       99%         3


Dungeon Overview and Level Annotations

Branches:
Dungeon (2/15)

Altars:


Message History

You barely miss the giant cockroach.
You feel sick. The goblin barely misses you.
The giant cockroach barely misses you.
You slash the giant cockroach!
You kill the giant cockroach!
You feel sick. The goblin hits you but does no damage.
You are more poisoned.
You block the goblin's attack.
You closely miss the goblin.
You feel very sick.
The goblin hits you with a +1 dagger of venom.
You closely miss the goblin.
You feel very sick.
The goblin hits you with a +1 dagger of venom.
You are more poisoned.
You barely miss the goblin.
You feel very sick.
The goblin hits you with a +1 dagger of venom.
Unknown command.
You barely miss the goblin.
You feel very sick.
The goblin hits you with a +1 dagger of venom.
* * * LOW HITPOINT WARNING * * *
You are lethally poisoned!
You block the goblin's attack.
Unknown command.
You hit the goblin.
You kill the goblin!
* * * LOW HITPOINT WARNING * * *
You feel very sick.
You aren't carrying any potions.
Unknown command.
Press: ? - help, v - describe, . - travel, g - get item
Items here: a +1 dagger of venom; a +0 sling.
The floor.
Unknown command.
You aren't carrying any potions.
Unknown command.
* * * LOW HITPOINT WARNING * * *
You feel very sick.
You die...

##### #...# #...#
######...#
##...##...#
##....@#...#
#..........#
#>......#.##
#....†).#..####### ..
#####...†.##........#
..
..##.....##........#
..
#..................#
..
###.......#..<.....#
.. #.......##########


There were no monsters in sight!

Vanquished Creatures
  Terence (D:2)
  A ball python (D:1)
  3 endoplasms (D:1)
  2 giant cockroaches
  3 goblins
  3 hobgoblins (D:1)
  4 kobolds
  3 bats
  A frilled lizard (D:1)
  2 rats
23 creatures vanquished.

Notes
Turn   | Place    | Note
-------+----------+-------------------------------------------
     0 | D:1      | ryw the Human Fighter began the quest for the Orb.
     0 | D:1      | Reached XP level 1. HP: 18/18 MP: 1/1
   308 | D:1      | Reached XP level 2. HP: 21/24 MP: 2/2
   479 | D:1      | Reached skill level 3 in Long Blades
   728 | D:2      | Found a faded altar of an unknown god.
   748 | D:2      | Noticed Terence
   751 | D:2      | Killed Terence
   752 | D:2      | Reached XP level 3. HP: 29/29 MP: 3/3
   848 | D:1      | Reached skill level 4 in Long Blades
   848 | D:1      | Reached XP level 4. HP: 28/35 MP: 4/4
   888 | D:2      | Succumbed to a goblin's poison

Illustrated notes

Levels and vault maps discovered:
D:1:      nzn_arrival_depleted_hourglass, layout_loops_ring, minmay_tetromino_s4
D:2:      kennysheep_big_flooded_room, layout_rooms,
          ebering_ecumenical_altar_box, uniq_terence, uniq_robin

Skill      XL: |  1  2  3 |
---------------+----------+-----
Long Blades    | 3 4 |  4.0
Fighting       | |  3.0
Armour         | |  3.0
Shields        | |  3.0

Action                     |  1- 3 |  4- 6 || total
---------------------------+-------+-------++-------
  Melee: Long sword        |    52 |    10 ||    62
    Use: Potion            |     1 |       ||     1
 Armour: Scale mail        |    38 |     8 ||    46
  Dodge: Dodged            |    29 |     5 ||    34
  Block: Buckler           |    17 |     2 ||    19

Table legend: (Time is in decaauts)
 A = Elapsed time spent in this place.
 B = Non-inter-level travel time spent in this place.
 C = Inter-level travel time spent in this place.
 D = Time resting spent in this place.
 E = Time spent auto-exploring this place.
 F = Levels seen in this place.
 G = Mean time per level.
                   A        B        C        D        E       F      G
               +--------+--------+--------+--------+--------+-----+--------+
         Total |    907 |    886 |     21 |     37 |    653 |   2 |  453.5 |
       Dungeon |    907 |    886 |     21 |     37 |    653 |   2 |  453.5 |
               +--------+--------+--------+--------+--------+-----+--------+

Top non-repeatable levels by time:
     D:1: 766 daAuts
     D:2: 140 daAuts
